IL
EL PASO CHIHUAHUAS @ NEW ORLEANS ZEPHYRS
08/31/2046
 
TOP OF THE 1ST
El Paso Chihuahuas batting - Pitching for New Orleans Zephyrs : RHP Pharamond Lestrange
Pitching: RHP Pharamond Lestrange
Batting: RHB Itsuo Yoshioka 0-0: Foul Ball, location: 2F
0-1: Called Strike
0-2: Strikes out swinging
Batting: LHB Chris Moody 0-0: Ball
1-0: Foul Ball, location: 2F
1-1: Ball
2-1: Swinging Strike
2-2: Ball
3-2: SINGLE (Groundball, 34D, EV 101.2 MPH) (infield hit)
Batting: LHB Joseph Martin 0-0: Ball
1-0: Foul Ball, location: 2F
1-1: Ball
2-1: Foul Ball, location: 2F
2-2: Ball
3-2: SINGLE (Groundball, 4MD, EV 105.0 MPH)
Chris Moody to second
Chris Moody to third
Batting: RHB Danny Bunn 0-0: Foul Ball, location: 2F
0-1: Grounds into double play, 6-4-3 (Groundball, 6, EV 83.1 MPH)
Top of the 1st over - 0 runs, 2 hits, 0 errors, 1 left on base; El Paso 0 - New Orleans 0
BOTTOM OF THE 1ST
New Orleans Zephyrs batting - Pitching for El Paso Chihuahuas : RHP Tom Ackerman
Pitching: RHP Tom Ackerman
Batting: RHB Josh Crenwelge 0-0: Ball
1-0: Ball
2-0: Called Strike
2-1: Called Strike
2-2: Strikes out swinging, 2-3 out at first.
Batting: RHB Dale Young 0-0: Foul Ball, location: 2F
0-1: SINGLE (Flyball, 7LS, EV 93.8 MPH)
Batting: LHB Luis Magdaleno 0-0: Called Strike
0-1: Ball
1-1: Ball
2-1: Called Strike
2-2: Ball
3-2: Foul Ball, location: 2F
3-2: Foul Ball, location: 2F
3-2: Strikes out looking
Dale Young is caught stealing 2nd base 2-6
Batter strikes out.
Bottom of the 1st over - 0 runs, 1 hit, 0 errors, 0 left on base; El Paso 0 - New Orleans 0
TOP OF THE 2ND
El Paso Chihuahuas batting - Pitching for New Orleans Zephyrs : RHP Pharamond Lestrange
Batting: RHB Kiril Emeshin 0-0: Ball
1-0: Foul Ball, location: 2F
1-1: Foul Ball, location: 2F
1-2: Foul Ball, location: 2F
1-2: Foul Ball, location: 2F
1-2: Strikes out swinging
Batting: RHB Antonio Medina 0-0: Ground out 6-3 (Groundball, 6, EV 79.4 MPH)
Batting: RHB Rodolfo Rivera 0-0: Fly out, F7 (Flyball, 7LD, EV 85.6 MPH)
Top of the 2nd over - 0 runs, 0 hits, 0 errors, 0 left on base; El Paso 0 - New Orleans 0
BOTTOM OF THE 2ND
New Orleans Zephyrs batting - Pitching for El Paso Chihuahuas : RHP Tom Ackerman
Batting: RHB Isaiah Brockman 0-0: Ball
1-0: Ground out 6-3 (Groundball, 6M, EV 101.9 MPH)
Batting: RHB Alex Gomez 0-0: Swinging Strike
0-1: Ball
1-1: Fly out, F8 (Line Drive, 8RM, EV 97.5 MPH)
Batting: RHB Masumitsu Sugiura 0-0: Ball
1-0: Ground out 4-3 (Groundball, 4, EV 86.2 MPH)
Bottom of the 2nd over - 0 runs, 0 hits, 0 errors, 0 left on base; El Paso 0 - New Orleans 0
TOP OF THE 3RD
El Paso Chihuahuas batting - Pitching for New Orleans Zephyrs : RHP Pharamond Lestrange
Batting: SHB Jamie Roberts 0-0: Foul Ball, location: 2F
0-1: Ball
1-1: Swinging Strike
1-2: Ball
2-2: Ground out 4-3 (Groundball, 4, EV 101.9 MPH)
Batting: LHB Doug Barr 0-0: Ball
1-0: Ball
2-0: Foul Ball, location: 2F
2-1: Ball
3-1: Ground out U3 (Groundball, 3S, EV 80.0 MPH)
Batting: RHB Itsuo Yoshioka 0-0: Ground out 1-3 (Groundball, P, EV 71.9 MPH)
Top of the 3rd over - 0 runs, 0 hits, 0 errors, 0 left on base; El Paso 0 - New Orleans 0
BOTTOM OF THE 3RD
New Orleans Zephyrs batting - Pitching for El Paso Chihuahuas : RHP Tom Ackerman
Batting: RHB Ryuki Ogasawara 0-0: Hit by Pitch
Batting: RHB Bill de Jesus 0-0: Called Strike
Ryuki Ogasawara steals 2nd base (no throw)
0-1: Ground out 4-3 (Groundball, 4, EV 89.4 MPH)
Ryuki Ogasawara to third
Batting: RHB John Jackson 0-0: Called Strike
0-1: Ball
1-1: Swinging Strike
1-2: Fly out, F4 (Line Drive, 4, EV 64.4 MPH)
Batting: RHB Josh Crenwelge 0-0: Swinging Strike
0-1: Ball
1-1: Swinging Strike
1-2: Ball
2-2: Strikes out swinging
Bottom of the 3rd over - 0 runs, 0 hits, 0 errors, 1 left on base; El Paso 0 - New Orleans 0
TOP OF THE 4TH
El Paso Chihuahuas batting - Pitching for New Orleans Zephyrs : RHP Pharamond Lestrange
Batting: LHB Chris Moody 0-0: Foul Ball, location: 2F
0-1: Ball
1-1: Ball
2-1: Ball
3-1: Fly out, F2 (Popup, 2LF, EV 92.5 MPH)
Batting: LHB Joseph Martin 0-0: Ball
1-0: SINGLE (Groundball, P, EV 86.2 MPH) (infield hit)
Batting: RHB Danny Bunn 0-0: Ball
Joseph Martin steals 2nd base
1-0: Ball
2-0: TRIPLE (Groundball, 3L, EV 107.5 MPH)
Joseph Martin scores
Batting: RHB Kiril Emeshin 0-0: Ball
1-0: Called Strike
1-1: Swinging Strike
1-2: Ball
2-2: Fly out, F8 (Flyball, 8LD, EV 98.1 MPH)
Runner from 3rd tags up, SCORES, throw by CF
Batting: RHB Antonio Medina 0-0: Ball
1-0: Ground out 6-3 (Groundball, 56D, EV 108.1 MPH)
Top of the 4th over - 2 runs, 2 hits, 0 errors, 0 left on base; El Paso 2 - New Orleans 0
BOTTOM OF THE 4TH
New Orleans Zephyrs batting - Pitching for El Paso Chihuahuas : RHP Tom Ackerman
Batting: RHB Dale Young 0-0: Ball
1-0: Swinging Strike
1-1: Ball
2-1: Foul Ball, location: 2F
2-2: Ball
3-2: Foul Ball, location: 2F
3-2: Strikes out looking
Batting: LHB Luis Magdaleno 0-0: Foul Ball, location: 2F
0-1: Ball
1-1: Ball
2-1: Foul Ball, location: 2F
2-2: Foul Ball, location: 2F
2-2: Ball
3-2: Strikes out swinging
Batting: RHB Isaiah Brockman 0-0: Fly out, F7 (Line Drive, 7, EV 88.1 MPH)
Bottom of the 4th over - 0 runs, 0 hits, 0 errors, 0 left on base; El Paso 2 - New Orleans 0
TOP OF THE 5TH
El Paso Chihuahuas batting - Pitching for New Orleans Zephyrs : RHP Pharamond Lestrange
Batting: RHB Rodolfo Rivera 0-0: SINGLE (Line Drive, 8RS, EV 98.1 MPH)
Batting: SHB Jamie Roberts 0-0: Fly out, F6 (Flyball, 6MD, EV 86.9 MPH)
Batting: LHB Doug Barr 0-0: Ball
1-0: SINGLE (Groundball, 56S, EV 70.0 MPH) (infield hit)
Rodolfo Rivera to second
Batting: RHB Itsuo Yoshioka 0-0: Foul Ball, location: 2F
0-1: Foul Ball, location: 2F
0-2: Foul Ball, location: 2F
0-2: Ball
1-2: Ball
2-2: Foul Ball, location: 2F
2-2: Ball
3-2: Grounds into double play, 5-4-3 (Groundball, 5S, EV 84.4 MPH)
Top of the 5th over - 0 runs, 2 hits, 0 errors, 1 left on base; El Paso 2 - New Orleans 0
BOTTOM OF THE 5TH
New Orleans Zephyrs batting - Pitching for El Paso Chihuahuas : RHP Tom Ackerman
Batting: RHB Alex Gomez 0-0: Ball
1-0: Reached on error, E4 (Groundball, 34D, EV 78.1 MPH)
Batting: RHB Masumitsu Sugiura 0-0: Ball
1-0: Ball
2-0: Fly out, F9 (Flyball, 9LM, EV 76.9 MPH)
Batting: RHB Ryuki Ogasawara 0-0: Ball
1-0: Called Strike
1-1: Called Strike
Alex Gomez steals 2nd base
1-2: Ball
2-2: Strikes out swinging
Batting: RHB Bill de Jesus 0-0: Ball
1-0: Foul Ball, location: 2F
1-1: Fly out, F7 (Line Drive, 78D, EV 98.8 MPH)
Bottom of the 5th over - 0 runs, 0 hits, 1 error, 1 left on base; El Paso 2 - New Orleans 0
TOP OF THE 6TH
El Paso Chihuahuas batting - Pitching for New Orleans Zephyrs : RHP Pharamond Lestrange
Batting: LHB Chris Moody 0-0: SINGLE (Groundball, 34D, EV 106.2 MPH)
Batting: LHB Joseph Martin 0-0: Ball
1-0: Ball
2-0: Fly out, F8 (Flyball, 89D, EV 86.9 MPH)
Batting: RHB Danny Bunn 0-0: Foul Ball, location: 2F
0-1: Fly out, F5 (Popup, 5S, EV 66.9 MPH)
Batting: RHB Kiril Emeshin 0-0: Called Strike
0-1: Ball
1-1: Ball
2-1: SINGLE (Groundball, 4MS, EV 70.6 MPH) (infield hit)
Chris Moody to second
Batting: RHB Antonio Medina 0-0: Ball
1-0: Called Strike
1-1: Fielders Choice at 2nd, 6-4 (Groundball, 6, EV 81.2 MPH)
Top of the 6th over - 0 runs, 2 hits, 0 errors, 2 left on base; El Paso 2 - New Orleans 0
BOTTOM OF THE 6TH
New Orleans Zephyrs batting - Pitching for El Paso Chihuahuas : RHP Tom Ackerman
Batting: RHB John Jackson 0-0: Called Strike
0-1: Ball
1-1: Foul Ball, location: 2F
1-2: Foul Ball, location: 2F
1-2: SOLO HOME RUN (Line Drive, 78XD, EV 114.4 MPH), Distance : 446 ft
Batting: RHB Josh Crenwelge 0-0: Ball
1-0: Ground out 1-3 (Groundball, 34S, EV 73.8 MPH)
Batting: RHB Dale Young 0-0: Ball
1-0: Called Strike
1-1: Ball
2-1: Ball
3-1: Swinging Strike
3-2: Ground out 6-3 (Groundball, 6, EV 81.9 MPH)
Batting: LHB Luis Magdaleno 0-0: Swinging Strike
0-1: Called Strike
0-2: Foul Ball, location: 2F
0-2: Ball
1-2: Ball
2-2: Strikes out swinging
Bottom of the 6th over - 1 run, 1 hit, 0 errors, 0 left on base; El Paso 2 - New Orleans 1
TOP OF THE 7TH
El Paso Chihuahuas batting - Pitching for New Orleans Zephyrs : RHP Pharamond Lestrange
Batting: RHB Rodolfo Rivera 0-0: Foul Ball, location: 2F
0-1: Ball
1-1: Swinging Strike
1-2: Foul Ball, location: 2F
1-2: Strikes out swinging
Batting: SHB Jamie Roberts 0-0: Ball
1-0: Swinging Strike
1-1: Ball
2-1: Ground out 6-3 (Groundball, 6, EV 90.6 MPH)
Batting: LHB Doug Barr 0-0: Called Strike
0-1: Fly out, F7 (Flyball, 7S, EV 88.8 MPH)
Top of the 7th over - 0 runs, 0 hits, 0 errors, 0 left on base; El Paso 2 - New Orleans 1
BOTTOM OF THE 7TH
New Orleans Zephyrs batting - Pitching for El Paso Chihuahuas : RHP Tom Ackerman
Batting: RHB Isaiah Brockman 0-0: SINGLE (Line Drive, 4M, EV 94.4 MPH)
Batting: RHB Alex Gomez 0-0: Fly out, F9 (Flyball, 9S, EV 76.9 MPH)
Batting: RHB Masumitsu Sugiura 0-0: Ball
1-0: Called Strike
1-1: Called Strike
1-2: Foul Ball, location: 2F
1-2: Strikes out looking
Batting: RHB Ryuki Ogasawara 0-0: Fly out, F8 (Flyball, 8RM, EV 98.8 MPH)
Bottom of the 7th over - 0 runs, 1 hit, 0 errors, 1 left on base; El Paso 2 - New Orleans 1
TOP OF THE 8TH
El Paso Chihuahuas batting - Pitching for New Orleans Zephyrs : RHP Pharamond Lestrange
Batting: RHB Itsuo Yoshioka 0-0: Ball
1-0: Ball
2-0: Ball
3-0: Called Strike
3-1: Base on Balls
Batting: LHB Chris Moody 0-0: Bunted foul
0-1: Bunted foul
0-2: Hit by Pitch
Itsuo Yoshioka to second
Pitching: LHP Gavrilo Brkic
Batting: LHB Joseph Martin 0-0: Foul Ball, location: 2F
0-1: Ball
1-1: Called Strike
1-2: Foul Ball, location: 2F
1-2: Strikes out swinging
Batting: RHB Danny Bunn 0-0: Called Strike
0-1: Ball
1-1: Called Strike
1-2: Ball
2-2: Foul Ball, location: 2F
2-2: Foul Ball, location: 2F
2-2: Grounds into double play, 6-4-3 (Groundball, 6, EV 81.9 MPH)
Top of the 8th over - 0 runs, 0 hits, 0 errors, 1 left on base; El Paso 2 - New Orleans 1
BOTTOM OF THE 8TH
New Orleans Zephyrs batting - Pitching for El Paso Chihuahuas : RHP Tom Ackerman
Batting: RHB Bill de Jesus 0-0: SOLO HOME RUN (Flyball, 7LD, EV 96.2 MPH), Distance : 361 ft
Batting: RHB John Jackson 0-0: SINGLE (Groundball, 15S, EV 65.0 MPH) (infield hit)
Pitching: RHP Sal Contreras
Batting: RHB Josh Crenwelge 0-0: Bunted foul
0-1: Ball
1-1: Bunt missed!
1-2: Foul Ball, location: 2F
1-2: Strikes out swinging
Batting: RHB Dale Young 0-0: Called Strike
0-1: Ball
John Jackson steals 2nd base
1-1: Called Strike
1-2: Ground out 6-3 (Groundball, 56, EV 103.1 MPH)
Batting: LHB Luis Magdaleno 0-0: Ball
1-0: Ball
2-0: Called Strike
2-1: Ball
3-1: Base on Balls
Batting: RHB Isaiah Brockman 0-0: Ball
1-0: Ball
2-0: Ball
3-0: Called Strike
3-1: Fly out, F6 (Popup, 6MS, EV 68.1 MPH)
Bottom of the 8th over - 1 run, 2 hits, 0 errors, 2 left on base; El Paso 2 - New Orleans 2
TOP OF THE 9TH
El Paso Chihuahuas batting - Pitching for New Orleans Zephyrs : LHP Gavrilo Brkic
Pitching: RHP Matt Murray
Batting: RHB Kiril Emeshin 0-0: Fly out, F7 (Line Drive, 78M, EV 91.2 MPH)
Batting: RHB Antonio Medina 0-0: Foul Ball, location: 2F
0-1: Foul Ball, location: 2F
0-2: Strikes out swinging
Batting: RHB Rodolfo Rivera 0-0: Called Strike
0-1: Called Strike
0-2: Strikes out swinging
Top of the 9th over - 0 runs, 0 hits, 0 errors, 0 left on base; El Paso 2 - New Orleans 2
BOTTOM OF THE 9TH
New Orleans Zephyrs batting - Pitching for El Paso Chihuahuas : RHP Sal Contreras
Batting: LHB Carlos Mosqueda 0-0: Called Strike
0-1: Ball
1-1: Ground out 6-3 (Groundball, 6, EV 98.8 MPH)
Batting: RHB Masumitsu Sugiura 0-0: Called Strike
0-1: Ball
1-1: Swinging Strike
1-2: Ball
2-2: Strikes out swinging, 2-3 out at first.
Batting: RHB Ryuki Ogasawara 0-0: Ball
1-0: Called Strike
1-1: Foul Ball, location: 2F
1-2: Ball
2-2: Ground out 5-3 (Groundball, 56S, EV 86.2 MPH)
Bottom of the 9th over - 0 runs, 0 hits, 0 errors, 0 left on base; El Paso 2 - New Orleans 2
TOP OF THE 10TH
El Paso Chihuahuas batting - Pitching for New Orleans Zephyrs : RHP Matt Murray
Batting: SHB Jamie Roberts 0-0: Ball
1-0: Ball
2-0: Called Strike
2-1: Foul Ball, location: 2F
2-2: Foul Ball, location: 2F
2-2: SINGLE (Groundball, 6MD, EV 109.4 MPH)
Batting: LHB Doug Barr 0-0: Bunted foul
0-1: Bunt missed!
0-2: Ball
1-2: Strikes out swinging
Batting: RHB Itsuo Yoshioka 0-0: Sac Bunt to 15S - play at first, batter OUT! 1-3
Jamie Roberts to second
Batting: LHB Chris Moody 0-0: Ball
1-0: Ball
2-0: Ball
3-0: Base on Balls
Batting: LHB Joseph Martin 0-0: Ball
1-0: Swinging Strike
1-1: Ball
2-1: Ball
3-1: SINGLE (Groundball, 25, EV 73.1 MPH) (infield hit)
Jamie Roberts to third
Chris Moody to second
Batting: RHB Danny Bunn 0-0: Foul Ball, location: 2F
0-1: Foul Ball, location: 2F
0-2: Foul Ball, location: 2F
0-2: Fly out, F3 (Popup, 3F, EV 76.9 MPH)
Top of the 10th over - 0 runs, 2 hits, 0 errors, 3 left on base; El Paso 2 - New Orleans 2
BOTTOM OF THE 10TH
New Orleans Zephyrs batting - Pitching for El Paso Chihuahuas : RHP Sal Contreras
Pitching: RHP Eddie Starks
Batting: RHB Bill de Jesus 0-0: Ball
1-0: Called Strike
1-1: Fly out, F4 (Popup, 4, EV 56.9 MPH)
Batting: RHB John Jackson 0-0: Ground out 5-3 (Groundball, 56S, EV 87.5 MPH)
Batting: RHB Josh Crenwelge 0-0: Called Strike
0-1: Foul Ball, location: 2F
0-2: Fly out, F8 (Flyball, 8RD, EV 99.4 MPH)
Bottom of the 10th over - 0 runs, 0 hits, 0 errors, 0 left on base; El Paso 2 - New Orleans 2
TOP OF THE 11TH
El Paso Chihuahuas batting - Pitching for New Orleans Zephyrs : RHP Matt Murray
Batting: RHB Kiril Emeshin 0-0: Ball
1-0: Called Strike
1-1: Ball
2-1: Foul Ball, location: 2F
2-2: Ground out 6-3 (Groundball, 6, EV 103.8 MPH)
Batting: RHB Antonio Medina 0-0: Called Strike
0-1: Ball
1-1: Ball
2-1: Ball
3-1: Foul Ball, location: 2F
3-2: Foul Ball, location: 2F
3-2: Base on Balls
Pitching: RHP Pat Siebert
Batting: RHB Rodolfo Rivera 0-0: Foul Ball, location: 2F
0-1: Ball
1-1: Ball
2-1: Called Strike
2-2: Grounds into double play, 4-6-3 (Groundball, 34, EV 100.6 MPH)
Top of the 11th over - 0 runs, 0 hits, 0 errors, 0 left on base; El Paso 2 - New Orleans 2
BOTTOM OF THE 11TH
New Orleans Zephyrs batting - Pitching for El Paso Chihuahuas : RHP Eddie Starks
Batting: RHB Dale Young 0-0: Called Strike
0-1: Foul Ball, location: 2F
0-2: Ball
1-2: Ball
2-2: Ground out U3 (Groundball, 3, EV 79.4 MPH)
Batting: LHB Luis Magdaleno 0-0: Called Strike
0-1: Foul Ball, location: 2F
0-2: Strikes out swinging
Batting: RHB Isaiah Brockman 0-0: Called Strike
0-1: DOUBLE (Line Drive, 7LM, EV 103.1 MPH)
Batting: LHB Carlos Mosqueda 0-0: Intentional Walk
Batting: RHB Masumitsu Sugiura 0-0: Fly out, F8 (Line Drive, 8RM, EV 103.8 MPH)
Bottom of the 11th over - 0 runs, 1 hit, 0 errors, 2 left on base; El Paso 2 - New Orleans 2
TOP OF THE 12TH
El Paso Chihuahuas batting - Pitching for New Orleans Zephyrs : RHP Pat Siebert
Batting: SHB Jamie Roberts 0-0: Called Strike
0-1: Ball
1-1: Ball
2-1: Foul Ball, location: 2F
2-2: Ball
3-2: Strikes out swinging
Batting: LHB Doug Barr 0-0: Called Strike
0-1: Ball
1-1: Ball
2-1: SINGLE (Groundball, 5D, EV 98.1 MPH)
Batting: RHB Itsuo Yoshioka 0-0: Ball
1-0: Foul Ball, location: 2F
1-1: Bunted foul
1-2: Ball
2-2: Ball
Doug Barr steals 2nd base
3-2: Foul Ball, location: 2F
3-2: Foul Ball, location: 2F
3-2: Ground out 5-3 (Groundball, 56, EV 103.1 MPH)
Batting: LHB Chris Moody 0-0: Ball
1-0: Foul Ball, location: 2F
1-1: Foul Ball, location: 2F
1-2: Ball
2-2: Foul Ball, location: 2F
2-2: Strikes out swinging
Top of the 12th over - 0 runs, 1 hit, 0 errors, 1 left on base; El Paso 2 - New Orleans 2
BOTTOM OF THE 12TH
New Orleans Zephyrs batting - Pitching for El Paso Chihuahuas : RHP Eddie Starks
Batting: RHB Ryuki Ogasawara 0-0: Ball
1-0: Ball
2-0: Ground out 6-3 (Groundball, 6, EV 101.9 MPH)
Batting: RHB Bill de Jesus 0-0: Fly out, F5 (Popup, 56, EV 76.2 MPH)
Batting: RHB John Jackson 0-0: Ball
1-0: Called Strike
1-1: Foul Ball, location: 2F
1-2: Strikes out swinging, 2-3 out at first.
Bottom of the 12th over - 0 runs, 0 hits, 0 errors, 0 left on base; El Paso 2 - New Orleans 2
TOP OF THE 13TH
El Paso Chihuahuas batting - Pitching for New Orleans Zephyrs : RHP Pat Siebert
Batting: LHB Joseph Martin 0-0: Swinging Strike
0-1: Foul Ball, location: 2F
0-2: Ball
1-2: Ball
2-2: Foul Ball, location: 2F
2-2: Strikes out swinging
Batting: RHB Danny Bunn 0-0: Ball
1-0: Foul Ball, location: 2F
1-1: SINGLE (Groundball, 6MD, EV 96.2 MPH)
Batting: RHB Kiril Emeshin 0-0: Called Strike
0-1: Foul Ball, location: 2F
0-2: Foul Ball, location: 2F
0-2: Ball
1-2: SINGLE (Groundball, 4MD, EV 94.4 MPH)
Danny Bunn to second
Runner from 2nd tries for 3rd, SAFE, throw by CF made to third
Batting: RHB Antonio Medina 0-0: Called Strike
0-1: Foul Ball, location: 2F
0-2: Ball
1-2: Fly out, F9 (Flyball, 9D, EV 90.0 MPH)
Runner from 3rd tags up, SCORES, no throw by RF
Batting: RHB Rodolfo Rivera 0-0: Called Strike
0-1: Fly out, F8 (Flyball, 8RD, EV 88.8 MPH)
Top of the 13th over - 1 run, 2 hits, 0 errors, 1 left on base; El Paso 3 - New Orleans 2
BOTTOM OF THE 13TH
New Orleans Zephyrs batting - Pitching for El Paso Chihuahuas : RHP Eddie Starks
Pitching: RHP Brandon Hendrix
Batting: RHB Josh Crenwelge 0-0: Foul Ball, location: 2F
0-1: Ball
1-1: Ground out 6-3 (Groundball, 6, EV 88.8 MPH)
Batting: RHB Dale Young 0-0: Called Strike
0-1: Ball
1-1: Foul Ball, location: 2F
1-2: Foul Ball, location: 2F
1-2: Ball
2-2: Ball
3-2: SINGLE (Groundball, 5S, EV 65.6 MPH) (infield hit)
Batting: LHB Luis Magdaleno 0-0: Ball
1-0: Ball
2-0: Ball
3-0: Called Strike
3-1: SINGLE (Line Drive, 6MD, EV 108.8 MPH)
Dale Young to second
Batting: RHB Isaiah Brockman 0-0: Ball
1-0: Ball
2-0: Grounds into double play, 6-4-3 (Groundball, 6, EV 102.5 MPH)
Bottom of the 13th over - 0 runs, 2 hits, 0 errors, 1 left on base; El Paso 3 - New Orleans 2
Tuesday, September 13th , 2022 - OOTP Baseball 23.7 Build 88